[Event "Early-Titled-Tuesday-Blitz-September-26-2023"]
[Site "Chess.com"]
[Date "2023.09.26"]
[Round "6"]
[White "Antik5"]
[Black "noblerone"]
[Result "1-0"]
[WhiteElo "2389"]
[BlackElo "2488"]
[TimeControl "180+1"]
[EndTime "9:08:43 PDT"]
[Termination "Antik5 won on time"]

1. c4 c6 2. d4 d5 3. Nc3 Nf6 4. Nf3 dxc4 5. a4 Bf5 6. Nh4 Bd7 7. e4 b5 8. Be2 b4 9. Nb1 Nxe4 10. Bxc4 e6 11.
Nf3 Bd6 12. O-O O-O 13. Re1 Nf6 14. Bg5 Be7 15. Nbd2 c5 16. dxc5 Bxc5 17. Ne5 Bc6 18. Nxc6 Nxc6 19. Nb3 Be7 20. Bb5 Na5 21. Nd4 Qd5 22.
Nf3 Rad8 23. Qe2 Qf5 24. Rad1 h6 25. Bh4 Nb3 26. h3 a5 27. Rd3 Nc5 28. Re3 Nb7 29. Re5 Qg6 30. Bd3 Qxd3 31. Rb5 Qxe2 32. Rxe2 Nd6 33.
Rxa5 Nc4 34. Ra6 Rd1+ 35. Kh2 Bd6+ 36. g3 Bc5 37. Kg2 Nd5 38. Rc6 Bxf2 39. Rxc4 1-0

[Event "Early-Titled-Tuesday-Blitz-September-26-2023"]
[Site "Chess.com"]
[Date "2023.09.26"]
[Round "6"]
[White "luizzy"]
[Black "ARMQUEEN"]
[Result "1-0"]
[WhiteElo "2638"]
[BlackElo "2440"]
[TimeControl "180+1"]
[EndTime "9:08:44 PDT"]
[Termination "luizzy won by resignation"]

1. b3 e5 2. Bb2 d6 3. e3 Nc6 4.
Bb5 Bd7 5. Nf3 Nf6 6. d4 e4 7. Nfd2 d5 8. h3 a6 9. Be2 Ne7 10. c4 c6 11. f3 Bf5 12. Nc3 exf3 13. Bxf3 Qd6 14. O-O Ng6 15. e4 dxe4 16. Ndxe4 Nxe4 17. Nxe4 Qd7 18. Ng3 Bxh3 19. gxh3 Qxh3 20. Qe1+ Be7 21.
Bg2 Qg4 22. Nf5 O-O-O 23. Nxe7+ Nxe7 24. Qxe7 Rde8 25. Qxf7 Re2 26. Rf2 Rhe8 27. Raf1 Kb8 28. Qf3 Qxf3 29. Bxf3 R2e6 30. Rg2 g6 31. d5 cxd5 32.
cxd5 Re3 33. d6 Rd3 34. Ba3 Rd8 35. Re2 g5 36. Re7 g4 37. Rxb7+ Kc8 38. Rc7+ Kb8 39.
Bg2 h5 40. Rb7+ Kc8 41. Rc1+ 1-0

[Event "Early-Titled-Tuesday-Blitz-September-26-2023"]
[Site "Chess.com"]
[Date "2023.09.26"]
[Round "6"]
[White "AsaHoffmann"]
[Black "Bilan_Danila"]
[Result "0-1"]
[WhiteElo "2406"]
[BlackElo "2527"]
[TimeControl "180+1"]
[EndTime "9:08:44 PDT"]
[Termination "Bilan_Danila won on time"]

1. d4 d5 2. Bg5 c5 3. dxc5 Qa5+ 4. Nc3 e6 5. e4 Bxc5 6. exd5 Nf6 7. Bxf6 gxf6 8. Bb5+ Bd7 9. Bxd7+ Nxd7 10. dxe6 fxe6 11. Qf3 O-O-O 12. Ne2 f5 13. O-O-O Ne5 14. Qg3 Ng4 15.
Rxd8+ Rxd8 16. f3 Bf2 17. Qh3 Be3+ 18. Kb1 Nf2 19. Qxh7 Nxh1 20. Qf7 Qe5 21. a4 Nf2 22. h4 Nd1 23. h5 Nxc3+ 24. Nxc3 Bd4 25. Nb5 a6 26.
Nxd4 Rxd4 27. c3 Rd1+ 28. Kc2 Qe2+ 29. Kb3 Rd7 30. Qf8+ Kc7 31. Qc5+ Kb8 32. Qf8+ Ka7 33. Qc5+ b6 34. Qc6 Qd1+ 35. Ka3 Qd6+ 36. Qxd6 Rxd6 37. g4 fxg4 38. fxg4 Rd1 39. g5 Rh1 0-1

[Event "Early-Titled-Tuesday-Blitz-September-26-2023"]
[Site "Chess.com"]
[Date "2023.09.26"]
[Round "6"]
[White "Shockerlover"]
[Black "Ariadna_Atreides"]
[Result "0-1"]
[WhiteElo "1981"]
[BlackElo "2196"]
[TimeControl "180+1"]
[EndTime "9:08:44 PDT"]
[Termination "Ariadna_Atreides won on time"]

1. d4 Nf6 2. Nf3 e6 3. g3 b6 4. Bg2 Bb7 5. O-O Be7 6. c4 O-O 7. Nc3 a5 8. d5 d6 9. e4 e5 10.
Ne1 Na6 11. f4 exf4 12. Bxf4 Nd7 13. Nd3 Nac5 14. Bh3 Nxd3 15. Qxd3 Nc5 16. Qe2 Bf6 17. Bf5 Re8 18. Rae1 Bc8 19. Bd2 Re5 20. Qg4 Bxf5 21. Rxf5 Rxf5 22. exf5 Nd3 23. Re2 Nxb2 24. Ne4 Bd4+ 25.
Kg2 Nxc4 26. Ng5 Nxd2 27. Nxf7 Kxf7 28. Qxd4 Nb1 29. Qe4 Nc3 30. Qe6+ Kf8 31. Rc2 Nb5 32. f6 g6 33. f7 Nd4 34. Qe4 Nxc2 35. Qxc2 Qe7 36.
Qc6 Qxf7 37. Qxa8+ Qe8 38. Qc6 Qxc6 39. dxc6 d5 0-1

[Event "Early-Titled-Tuesday-Blitz-September-26-2023"]
[Site "Chess.com"]
[Date "2023.09.26"]
[Round "6"]
[White "HATilay"]
[Black "ChessQueen"]
[Result "1-0"]
[WhiteElo "2581"]
[BlackElo "2717"]
[TimeControl "180+1"]
[EndTime "9:08:45 PDT"]
[Termination "HATilay won by checkmate"]

1. d4 Nf6 2. c4 e6 3. Nc3 Bb4 4. e3 b6 5. Ne2 Ne4 6. Qc2 Bb7 7. a3 Bxc3+ 8. Nxc3 Nxc3 9. Qxc3 d6 10. b3 Nd7 11.
Bb2 Qh4 12. Qd2 a5 13. O-O-O O-O-O 14. f3 f5 15. b4 axb4 16. axb4 Nf6 17. Bd3 Qh6 18.
Kb1 Rde8 19. Rc1 Kd7 20. c5 bxc5 21. dxc5 Bd5 22. cxd6 c6 23. Bc4 Rb8 24. Qd4 Rb7 25. Bxd5 Nxd5 26. e4 Nxb4 27. exf5 Rhb8 28. Rhe1 Nd5 29.
fxe6+ Kxd6 30. Qc5+ Kc7 31. Qxc6+ Kd8 32. Qxd5+ Ke7 33.
Qc5+ Ke8 34. Rc2 Qf6 35. Qe5 Qg6 36. Re4 Rb5 37. Qd6 R8b7 38. e7 Qxd6 39. Rc8+ Kd7 40.
e8=Q# 1-0

[Event "Early-Titled-Tuesday-Blitz-September-26-2023"]
[Site "Chess.com"]
[Date "2023.09.26"]
[Round "6"]
[White "jjlai1111"]
[Black "Maus7"]
[Result "1-0"]
[WhiteElo "2354"]
[BlackElo "2477"]
[TimeControl "180+1"]
[EndTime "9:08:45 PDT"]
[Termination "jjlai1111 won on time"]

1. Nf3 d5 2. d4 Nf6 3. c4 c6 4. e3 Bf5 5. Nc3 e6 6. Be2 h6 7. Qb3 Qb6 8. c5 Qc7 9. Bd2 b6 10. cxb6 axb6 11. Rc1 Nbd7 12. O-O Qb7 13. Na4 Bd6 14.
Nc5 Qc7 15. Nxd7 Nxd7 16. Bb5 c5 17. dxc5 bxc5 18. h3 O-O 19. Nd4 Bg6 20. a4 Ne5 21. f4 c4 22. Qa2 Nd3 23. Rc3 Bb4 24. Rxd3 Bxd3 25. Bxb4 Bxf1 26. Bxf8 Rxf8 27. Kxf1 e5 28. Ne2 exf4 29. Nxf4 Qe5 30. Qa3 d4 31. Kf2 Rc8 32.
g3 d3 33. Qc3 Qxc3 34. bxc3 Rd8 35. Ke1 g5 36. Ng2 f5 37. Bxc4+ Kg7 38. Kd2 Kf6 39. Bxd3 Ke5 40. Ke2 1-0

[Event "Early-Titled-Tuesday-Blitz-September-26-2023"]
[Site "Chess.com"]
[Date "2023.09.26"]
[Round "6"]
[White "Elprofessor21"]
[Black "Mops_2004"]
[Result "1-0"]
[WhiteElo "2635"]
[BlackElo "2762"]
[TimeControl "180+1"]
[EndTime "9:08:46 PDT"]
[Termination "Elprofessor21 won by resignation"]

1. Nf3 g6 2. e4 Bg7 3. Nc3 d6 4.
d4 Nf6 5. Be2 O-O 6. O-O a6 7.
a4 Nc6 8. h3 Re8 9. Be3 e5 10.
dxe5 Nxe5 11. Nxe5 Rxe5 12. Bd4 Re8 13. Bd3 b6 14. Re1 Bb7 15. Qd2 c5 16. Bxf6 Qxf6 17. Rad1 Rad8 18. Bc4 Kf8 19. Bd5 Bc8 20. Bc6 Bd7 21.
Qxd6+ Qxd6 22. Rxd6 Bxc3 23. bxc3 Ke7 24. Bxd7 Rxd7 25.
Rxb6 Rd6 26. Reb1 Red8 27. e5 Rxb6 28. Rxb6 Rd1+ 29. Kh2 Rd2 30. f4 Rxc2 31. Rxa6 Rxc3 32. Rc6 Kd7 33. Rd6+ Kc7 34. Rf6 c4 35. Rxf7+ Kc6 36. Rxh7 Ra3 37. Rg7 c3 38. Rxg6+ Kd5 39. Rd6+ Ke4 40. e6 c2 41. e7 c1=Q 42. e8=Q+ Kxf4 43. Rd4+ Kg5 44. Qe5+ 1-0

[Event "Early-Titled-Tuesday-Blitz-September-26-2023"]
[Site "Chess.com"]
[Date "2023.09.26"]
[Round "6"]
[White "sonicdravise"]
[Black "Lady_Nika"]
[Result "1/2-1/2"]
[WhiteElo "2648"]
[BlackElo "2489"]
[TimeControl "180+1"]
[EndTime "9:08:46 PDT"]
[Termination "Game drawn by repetition"]

1. d4 d5 2. c4 e6 3. Nc3 f5 4. cxd5 exd5 5. Nf3 Nf6 6. Bf4 c6 7. e3 Bd6 8. Bd3 O-O 9. O-O Qe7 10. Bxd6 Qxd6 11.
Ne5 Be6 12. f4 Nbd7 13. Rc1 Ne4 14. Nxe4 fxe4 15. Be2 Nxe5 16. dxe5 Qb4 17. b3 Qa5 18. Bg4 Bxg4 19. Qxg4 Qxa2 20. f5 Qxb3 21. f6 Qxe3+ 22.
Kh1 Qh6 23. Qe6+ Kh8 24. Qe7 Rae8 25. Qxb7 gxf6 26. exf6 Rxf6 27. Qb2 Re6 28. Qb8+ Kg7 29. Qb7+ Kg6 30. Rxf6+ Rxf6 31. Rxc6 Qf4 32. h3 Qf1+ 33. Kh2 Qf5 34. Rxf6+ Kxf6 35. Qxa7 Qe5+ 36. Kh1 e3 37.
Qxh7 e2 38. Qh8+ Ke6 39. Qe8+ Kf5 40. Qh5+ Kf6 41. Qh8+ Kf5 42. Qh5+ Ke6 43. Qe8+ Kd6 44. Qb8+ Ke6 45. Qe8+ 1/2-1/2

[Event "Early-Titled-Tuesday-Blitz-September-26-2023"]
[Site "Chess.com"]
[Date "2023.09.26"]
[Round "6"]
[White "Boxerandchessplayer"]
[Black "Likvidator228"]
[Result "1/2-1/2"]
[WhiteElo "2189"]
[BlackElo "2531"]
[TimeControl "180+1"]
[EndTime "9:08:47 PDT"]
[Termination "Game drawn by repetition"]

1. d4 f5 2. c4 Nf6 3. g3 g6 4. Bg2 Bg7 5. Nh3 d6 6. O-O O-O 7. Nc3 e5 8. dxe5 dxe5 9. Qxd8 Rxd8 10. e4 c6 11. Bg5 h6 12. Bxf6 Bxf6 13. Rfd1 Re8 14.
Re1 Na6 15. Rad1 Be6 16. b3 Rad8 17. f3 Nc5 18. Nf2 a5 19. Rxd8 Rxd8 20. Rd1 Rxd1+ 21.
Ncxd1 a4 22. b4 Na6 23. b5 Nb4 24. bxc6 bxc6 25. a3 Nc2 26. Nc3 Nxa3 27. Nxa4 Nxc4 28. Nc5 Bf7 29. f4 exf4 30. gxf4 fxe4 31. Nfxe4 Bd4+ 32. Kh1 Kg7 33. Bh3 Bxc5 34. Nxc5 Bd5+ 35. Kg1 Kf6 36. Kf2 Nd6 37. Nd7+ Kg7 38. Ke3 Nf5+ 39. Bxf5 gxf5 40. Ne5 Kf6 41. Kd4 Ke6 42. Kc5 Be4 43. h4 Kf6 44. Kd6 Bg2 45. Kc5 Bh1 46. Kd6 Bg2 47. Kc5 Ke6 48.
Nxc6 Be4 49. Ne5 Bg2 50. Kd4 Be4 51. Kc5 Bg2 52. Kd4 Be4 53. Kc5 1/2-1/2

[Event "Early-Titled-Tuesday-Blitz-September-26-2023"]
[Site "Chess.com"]
[Date "2023.09.26"]
[Round "6"]
[White "Aygehovit1992"]
[Black "Mackster23"]
[Result "0-1"]
[WhiteElo "2695"]
[BlackElo "2574"]
[TimeControl "180+1"]
[EndTime "9:08:49 PDT"]
[Termination "Mackster23 won on time"]

1. e4 c6 2. d4 d5 3. e5 c5 4. Nf3 Nc6 5. Bb5 Bg4 6. dxc5 e6 7. Be3 Rc8 8. c4 Bxf3 9. Qxf3 d4 10. Bd2 Bxc5 11. b4 Bf8 12. O-O Ne7 13. Bg5 h6 14.
Qh3 Qc7 15. Nd2 a6 16. Ba4 Ng6 17. Bh4 Bxb4 18. Ne4 O-O 19. Bc2 Nxh4 20. Qxh4 Nxe5 21. f4 d3 22. Bb3 Ng6 23. Qg3 Kh7 24. Qxd3 f5 25. Ng3 Nxf4 26. Qf3 Ng6 27. Qh5 Qe7 28. c5 Bxc5+ 29. Kh1 Rc6 30. Rae1 Qh4 31. Qd1 Bd6 32. Re3 f4 33. Re4 Qg5 34. Ne2 Nh4 35. g3 fxg3 36.
hxg3 Rxf1+ 37. Qxf1 Nf5 38. Bxe6 Nxg3+ 39. Nxg3 Qxg3 40.
Qf5+ Kh8 41. Re2 Rc1+ 0-1

[Event "Early-Titled-Tuesday-Blitz-September-26-2023"]
[Site "Chess.com"]
[Date "2023.09.26"]
[Round "6"]
[White "halfnatty"]
[Black "Maxterlopez"]
[Result "1-0"]
[WhiteElo "2653"]
[BlackElo "2736"]
[TimeControl "180+1"]
[EndTime "9:08:50 PDT"]
[Termination "halfnatty won on time"]

1. c4 c5 2. Nc3 g6 3. Nf3 Bg7 4. g3 Nc6 5. Bg2 d6 6. d3 Bf5 7. Rb1 Qd7 8. Bd2 Bh3 9. Bxh3 Qxh3 10. a3 Nf6 11. b4 b6 12. e3 O-O 13. Qe2 Rad8 14.
Qf1 Qf5 15. Qe2 Qh3 16. Qf1 Qd7 17. Qe2 cxb4 18. axb4 d5 19. b5 Na5 20. cxd5 Nxd5 21. d4 Rc8 22. Nxd5 Qxd5 23. Bxa5 bxa5 24. O-O Rc3 25.
Ra1 Rfc8 26. Rxa5 Rc2 27. Qd1 e6 28. Rxa7 Qxb5 29. Ra1 Qd5 30. Re1 Qf5 31. e4 Qh5 32. Kg2 g5 33. h3 g4 34. hxg4 Qxg4 35. Nh4 Qg5 36. Nf3 Qf6 37. Ra3 Qe7 38. Rd3 Qa7 39.
Re2 Rc1 40. Qd2 Qa1 41. d5 exd5 42. exd5 Rh1 43. Re1 Rc1 44. Rxc1 Rxc1 45. Re3 Bh6 46. d6 Kg7 47. d7 Rh1 48. Re1 1-0

[Event "Early-Titled-Tuesday-Blitz-September-26-2023"]
[Site "Chess.com"]
[Date "2023.09.26"]
[Round "6"]
[White "Zhigalko_Sergei"]
[Black "leejunhyeok"]
[Result "1-0"]
[WhiteElo "2833"]
[BlackElo "2653"]
[TimeControl "180+1"]
[EndTime "9:08:51 PDT"]
[Termination "Zhigalko_Sergei won on time"]

1. e4 c5 2. Nf3 a6 3. c3 e6 4. d4 d5 5. e5 Bd7 6. Be2 cxd4 7. cxd4 Bb5 8. Bxb5+ axb5 9. O-O Nc6 10. Nc3 b4 11. Ne2 Nge7 12. Ng3 Ng6 13. Nh5 Nh4 14. Nxh4 Qxh4 15.
Be3 Qd8 16. Qg4 Kd7 17. Rfc1 Kc7 18. Nxg7 Be7 19. Nh5 Rg8 20. Qf3 Qe8 21. g3 Ra6 22. a4 bxa3 23. bxa3 Qd7 24. Qxf7 Rf8 25. Qxh7 Raa8 26.
Nf4 Rae8 27. Rab1 Kb8 28. a4 Rh8 29. Qc2 Ka8 30. Rb6 Bd8 31. Rbb1 Ba5 32. Rb5 Bd8 33. a5 Nxd4 34. Qc8+ Qxc8 35. Rxc8+ Ka7 36. Bxd4+ Ka6 37.
Rb1 Bxa5 38. Rxe8 Rxe8 39. h4 Bd2 40. Rb6+ Ka5 41. Rxe6 1-0

[Event "Early-Titled-Tuesday-Blitz-September-26-2023"]
[Site "Chess.com"]
[Date "2023.09.26"]
[Round "6"]
[White "Chesstar"]
[Black "invisible_s0ul"]
[Result "0-1"]
[WhiteElo "2058"]
[BlackElo "2312"]
[TimeControl "180+1"]
[EndTime "9:08:51 PDT"]
[Termination "invisible_s0ul won by resignation"]

1. e4 c6 2. d4 d5 3. Nd2 dxe4 4.
Nxe4 Nf6 5. Nxf6+ exf6 6. c3 Bd6 7. Bd3 O-O 8. Qc2 h6 9. Ne2 Qc7 10. h3 Nd7 11. O-O Re8 12. Be3 Nf8 13. Qd2 Ne6 14. Bxh6 gxh6 15. Qxh6 Nf8 16. Qxf6 Qe7 17. Qxe7 Rxe7 18.
Rae1 Be6 19. Ng3 Bxa2 20. Ra1 Be6 21. Ne4 Bc7 22. Nf6+ Kg7 23. Nh5+ Kh8 24. Rae1 Bd6 25. Re4 Ng6 26. f4 Bf5 27. Rxe7 Nxe7 28. Bxf5 Nxf5 29. g4 Ne3 30. Re1 Nd5 31. f5 a5 32.
h4 a4 33. g5 a3 34. Ra1 Kh7 35. bxa3 Rxa3 36. Rxa3 Bxa3 37. c4 Ne3 38. Ng3 Nxc4 39. Ne4 Ne3 40. Nf6+ Kg7 41. Nh5+ Kf8 42. Ng3 Bd6 43.
Ne4 Nxf5 44. Nxd6 Nxd6 45. Kf2 Nf5 46. Kf3 Nxh4+ 47. Kg4 Ng6 0-1

[Event "Early-Titled-Tuesday-Blitz-September-26-2023"]
[Site "Chess.com"]
[Date "2023.09.26"]
[Round "6"]
[White "Let_it_be_1"]
[Black "Predator0608"]
[Result "0-1"]
[WhiteElo "2593"]
[BlackElo "2475"]
[TimeControl "180+1"]
[EndTime "9:08:52 PDT"]
[Termination "Predator0608 won by resignation"]

1. e4 c5 2. Nf3 d6 3. d4 cxd4 4. Nxd4 Nf6 5. Nc3 a6 6. Be2 e5 7.
Nb3 Be6 8. f4 exf4 9. Bxf4 Be7 10.
O-O Nbd7 11. Kh1 Ne5 12. Qe1 O-O 13. Rd1 Qc7 14. Qg3 b5 15. a3 Bc4 16. Nd4 Bxe2 17. Ndxe2 Nh5 18. Qh3 Nxf4 19. Nxf4 Rac8 20. Nfd5 Qa7 21.
Qg3 Nc4 22. Qf2 Qb7 23. Rb1 Bg5 24. Rfd1 Rfe8 25. Qg3 h6 26. h4 Bd8 27. Rd3 Re5 28.
Qg4 Re6 29. Qf5 Bxh4 30. Nf4 Re5 31. Qg4 Bd8 32. Nfd5 Rg5 33. Qh3 Ne5 34. Rg3 Rxg3 35. Qxg3 Bg5 36. Rf1 Re8 37. Qf2 Qd7 38. Qg3 Qe6 39.
Ne3 Bxe3 40. Qxe3 Nc4 41. Qf4 Nxb2 42. Nd5 Qg6 43. Nc3 Nc4 44. Qf2 Qh5+ 45. Kg1 Re6 46. Qb6 Nxb6 0-1

[Event "Early-Titled-Tuesday-Blitz-September-26-2023"]
[Site "Chess.com"]
[Date "2023.09.26"]
[Round "6"]
[White "crazyluzhinTh3"]
[Black "Aleksandar-Topalov"]
[Result "0-1"]
[WhiteElo "2492"]
[BlackElo "2399"]
[TimeControl "180+1"]
[EndTime "9:08:53 PDT"]
[Termination "Aleksandar-Topalov won on time"]

1. e4 e6 2. d4 d5 3. Nc3 Bb4 4. Ne2 Nf6 5. e5 Ng8 6. a3 Bf8 7. f4 h5 8. Be3 g6 9. g3 Qd7 10. Qd2 b6 11. Bh3 Ba6 12. O-O Nh6 13. b4 Bc4 14. Rf2 Be7 15. Nc1 Nf5 16. Nd1 a5 17. Rb1 axb4 18. axb4 Nc6 19. c3 Kf8 20. Nb2 Bb5 21.
Nd1 Kg7 22. Bg2 Ra3 23. Rf3 Rha8 24. h3 h4 25. g4 Ng3 26. Bf2 Ne4 27. Qe1 Ra1 28.
Rxa1 Rxa1 29. Be3 Ng3 30. Nb3 Rb1 31. Nd2 Ra1 32. Nb3 Rb1 33. Nd2 Ra1 34. Kh2 Qc8 35. f5 exf5 36. gxf5 Nxf5 37. Bf1 Ba4 38. Be2 Nxe3 39.
Rxe3 Qf5 40. Rf3 Qg5 41. Qf2 Nd8 42. Ne3 Bd7 43. Ndf1 Ra2 44. Ng2 Bb5 45. Nf4 Ne6 46. Nxe6+ fxe6 47. Rf7+ Kh6 0-1

[Event "Early-Titled-Tuesday-Blitz-September-26-2023"]
[Site "Chess.com"]
[Date "2023.09.26"]
[Round "6"]
[White "LUISMIGUELOV"]
[Black "Tssunami"]
[Result "0-1"]
[WhiteElo "2144"]
[BlackElo "2404"]
[TimeControl "180+1"]
[EndTime "9:08:54 PDT"]
[Termination "Tssunami won on time"]

1. d4 Nf6 2. c3 e6 3. Bg5 Be7 4. Nd2 b5 5. e4 a6 6. e5 Nd5 7.
Bxe7 Qxe7 8. Bd3 Bb7 9. Ne4 Nf4 10. Qf3 Nxd3+ 11. Qxd3 f5 12. exf6 gxf6 13. f3 Rg8 14. g3 d6 15. Ne2 f5 16. Nd2 Nd7 17. O-O-O O-O-O 18. a3 Nb6 19. Rhf1 Kb8 20. f4 h5 21. Nf3 Be4 22. Qe3 Nc4 23. Qf2 Qd7 24. Nd2 Qc6 25.
Nxe4 fxe4 26. Kc2 d5 27. Nc1 Na5 28. Nb3 Nxb3 29. Kxb3 h4 30. Kc2 hxg3 31. hxg3 Rh8 32. Rg1 a5 33. Qe2 Rh3 34. Rg2 Rdh8 35. Ra1 Kb7 36. Rf1 Rg8 37. Rfg1 Qb6 38. Qe3 b4 39. axb4 axb4 40. cxb4 Qxb4 41. Qb3 Qxb3+ 42. Kxb3 Kc6 43. Kc3 Kd6 44. b4 Rf8 45. Rf1 Ra8 46. Rb1 Ra3+ 47. Rb3 Ra1 48. Rbb2 Re1 49. b5 Re3+ 50. Kb4 Rhxg3 51.
Rxg3 Rxg3 52. Rf2 Rd3 53. f5 Rxd4+ 54. Ka5 exf5 55. Rxf5 e3 56. Rf6+ Kd7 57. Rf3 Re4 58. Rf1 e2 59. Re1 Kd6 60. b6 cxb6+ 61. Kxb6 d4 62. Kb5 d3 0-1

[Event "Early-Titled-Tuesday-Blitz-September-26-2023"]
[Site "Chess.com"]
[Date "2023.09.26"]
[Round "6"]
[White "Jaka_Brilej"]
[Black "IngOscarArdila"]
[Result "1/2-1/2"]
[WhiteElo "2503"]
[BlackElo "2391"]
[TimeControl "180+1"]
[EndTime "9:08:55 PDT"]
[Termination "Game drawn by repetition"]

1. e4 e5 2. Nf3 Nf6 3. Bc4 Nxe4 4.
Nc3 Nf6 5. Nxe5 d5 6. Bb3 Be7 7.
d4 O-O 8. O-O Bf5 9. Qf3 Be4 10.
Nxe4 dxe4 11. Qe3 Nbd7 12. h3 c5 13. Nxd7 Qxd7 14. dxc5 Qc6 15. Qe2 Bxc5 16. Bg5 Rfe8 17.
Rad1 Rad8 18. Rxd8 Rxd8 19. Bxf6 Qxf6 20. Qxe4 Qxb2 21.
Qxb7 Qf6 22. Qe4 g6 23. Bd5 Kg7 24. c4 h5 25. h4 Rd7 26. g3 Re7 27. Qd3 Qe5 28. Kg2 Qf6 29. Qf3 Qe5 30. a4 f5 31.
Rb1 f4 32. gxf4 Qf6 33. Rb8 Qxh4 34. Qc3+ Kh6 35. Rh8+ Rh7 36. Rxh7+ Kxh7 37. Qb3 Qxf2+ 38. Kh3 Kh6 39. Qb8 Qe3+ 40. Kg2 Qf2+ 41. Kh3 Qe3+ 42.
Kg2 Qg1+ 43. Kh3 Qg4+ 44. Kh2 Qg1+ 45. Kh3 Qg4+ 46. Kh2 Qg1+ 47. Kh3 1/2-1/2

[Event "Early-Titled-Tuesday-Blitz-September-26-2023"]
[Site "Chess.com"]
[Date "2023.09.26"]
[Round "6"]
[White "PawnEatingZombie"]
[Black "Gyulamiryan-koryun"]
[Result "0-1"]
[WhiteElo "2146"]
[BlackElo "1993"]
[TimeControl "180+1"]
[EndTime "9:08:56 PDT"]
[Termination "Gyulamiryan-koryun won on time"]

1. e4 e5 2. Nf3 Nc6 3. d4 exd4 4. Nxd4 Bc5 5. Nb3 Bb6 6. Nc3 Nge7 7. Qe2 O-O 8. Be3 d6 9. O-O-O Bxe3+ 10. Qxe3 Ng6 11.
f4 f5 12. e5 Re8 13. Bc4+ Kh8 14. Bf7 Re7 15. Bxg6 hxg6 16. Qh3+ Kg8 17. exd6 cxd6 18. Rd2 Qc7 19. Rhd1 Rd7 20. Nd5 Qd8 21. Qg3 Kf7 22.
h4 Ne7 23. Nxe7 Qxe7 24. Nd4 a6 25. Nf3 b5 26. Ng5+ Kg8 27. Qf3 Bb7 28. Qb3+ d5 29. Qh3 Rad8 30. h5 Qf6 31. Rh1 gxh5 32. Qxh5 Qh6 33.
Qd1 Qf6 34. Rh4 d4 35. Qh1 Kf8 36. Nh7+ Kf7 37. Nxf6 Kxf6 38. Rh6+ gxh6 39. Qxh6+ Ke7 40. Qg5+ Kd6 41. Qxf5 Kc6 42. g4 Rd5 43. Qg6+ R8d6 44. Qe8+ Kb6 45. g5 Bc8 46. g6 Be6 47. g7 Rc6 0-1

[Event "Early-Titled-Tuesday-Blitz-September-26-2023"]
[Site "Chess.com"]
[Date "2023.09.26"]
[Round "6"]
[White "CSB7"]
[Black "Keeper0416"]
[Result "1/2-1/2"]
[WhiteElo "2720"]
[BlackElo "2574"]
[TimeControl "180+1"]
[EndTime "9:08:59 PDT"]
[Termination "Game drawn by repetition"]

1. e4 c5 2. Nf3 d6 3. d4 cxd4 4. Nxd4 Nf6 5. Nc3 a6 6. Be2 e5 7. Nf3 h6 8. Nd2 Be7 9. a4 Be6 10. Nc4 Nc6 11. Be3 O-O 12. O-O Bxc4 13. Bxc4 Rc8 14. Ba2 Nb4 15. Bb3 Nc6 16. Qd3 Na5 17. Ba2 Nc6 18. Qd2 Na5 19. Qe2 Rxc3 20. bxc3 Nxe4 21.
Bxh6 Nxc3 22. Qg4 Bf6 23. Bd2 Nxa2 24. Rxa2 d5 25. Rb1 Nc4 26. Bb4 Re8 27. a5 Qc7 28. c3 e4 29. Rd1 Qc6 30. Re2 Ne5 31. Qf5 Nd3 32. Rxd3 exd3 33. Rxe8+ Qxe8 34. Qxd3 Qe1+ 35.
Qf1 Qd2 36. g3 d4 37. Qb1 dxc3 38. Qf5 Qd8 39. Qc5 Qd1+ 40. Kg2 Qd3 41. Qc8+ Kh7 42. Qh3+ Kg8 43. Qc8+ Kh7 44. Qh3+ Kg6 45. Qg4+ Kh7 46.
Qh3+ 1/2-1/2

[Event "Early-Titled-Tuesday-Blitz-September-26-2023"]
[Site "Chess.com"]
[Date "2023.09.26"]
[Round "6"]
[White "NowInChess"]
[Black "Mystery2007"]
[Result "1/2-1/2"]
[WhiteElo "2267"]
[BlackElo "2481"]
[TimeControl "180+1"]
[EndTime "9:08:59 PDT"]
[Termination "Game drawn by repetition"]

1. e4 a6 2. d4 e6 3. Bd3 d5 4. Nc3 Nf6 5. e5 Nfd7 6. Nce2 c5 7. c3 Nc6 8. f4 Qb6 9. Nf3 cxd4 10. cxd4 a5 11. O-O a4 12. Kh1 g6 13. Rb1 Be7 14.
Be3 Nb4 15. a3 Nxd3 16. Qxd3 Qa6 17. Qxa6 Rxa6 18. Rfc1 Nb6 19. Rc3 Bd7 20. Rbc1 Nc4 21. R1c2 O-O 22. Bc1 Bb5 23. g4 Bd8 24. Nfg1 Ba5 25.
Rf3 Rc6 26. f5 Rfc8 27. Nf4 Nd2 28. Rxc6 Rxc6 29. Bxd2 Bxd2 30. fxe6 fxe6 31. Nd3 b6 32. Nh3 Kg7 33. Nb4 Rc1+ 34. Kg2 Rb1 35. Nd3 Bxd3 36.
Rxd3 Rxb2 37. Kf3 Rb3 38. Ke2 Rxd3 39. Kxd3 Bc1 40. Kc2 Bxa3 41. Ng5 Be7 42. Nxe6+ Kf7 43. Nc7 h5 44. gxh5 gxh5 45. Nxd5 b5 46. Nxe7 Kxe7 47. Kc3 Ke6 48. Kb4 Kd5 49. h4 Ke6 50. Ka3 Kd5 51. Kb4 Ke6 52. Ka3 Kd5 53. Kb4 1/2-1/2

[Event "Early-Titled-Tuesday-Blitz-September-26-2023"]
[Site "Chess.com"]
[Date "2023.09.26"]
[Round "6"]
[White "Shield12"]
[Black "KaydenTroffChess"]
[Result "1-0"]
[WhiteElo "2975"]
[BlackElo "2762"]
[TimeControl "180+1"]
[EndTime "9:09:00 PDT"]
[Termination "Shield12 won by resignation"]

1. e4 c5 2. Nf3 g6 3. d4 cxd4 4.
Qxd4 Nf6 5. Nc3 Nc6 6. Qa4 d6 7. e5 dxe5 8. Nxe5 Bd7 9. Nxd7 Nxd7 10. Be3 Bg7 11. Be2 O-O 12. Rd1 Qc8 13. Nd5 Kh8 14.
Nxe7 Nxe7 15. Qxd7 Nf5 16. Qxc8 Raxc8 17. c3 Nxe3 18. fxe3 Rfe8 19. Rd7 Rxe3 20. Kf2 Rce8 21. Bf3 R3e7 22. Rhd1 Be5 23. Rxb7 Bc7 24. g3 Kg7 25. Kg2 Bb6 26. Rdd7 Rxd7 27. Rxd7 Re5 28. b4 a5 29. a3 Re3 30. c4 axb4 31. axb4 Rc3 32. Bd5 Rc2+ 33. Kh3 Bg1 34. Rxf7+ Kh6 35. Kg4 Bxh2 36.
Re7 Rc3 37. Kf4 Bxg3+ 38. Ke4 Bd6 39. Rb7 Kg5 40. Kd4 Rc1 41. c5 Bg3 42. c6 Bf2+ 43. Ke4 Bg3 44. Rxh7 Rb1 45. Rb7 Kf6 46. b5 Rb4+ 47.
Kd3 Be5 48. Bc4 Rb1 49. c7 Rd1+ 50. Kc2 Bxc7 51. Kxd1 1-0

[Event "Early-Titled-Tuesday-Blitz-September-26-2023"]
[Site "Chess.com"]
[Date "2023.09.26"]
[Round "6"]
[White "Flaccidmoves"]
[Black "marcodobrikov"]
[Result "0-1"]
[WhiteElo "2454"]
[BlackElo "2644"]
[TimeControl "180+1"]
[EndTime "9:09:00 PDT"]
[Termination "marcodobrikov won by resignation"]

1. d4 Nf6 2. c4 e6 3. Nc3 d5 4.
cxd5 exd5 5. Bg5 Be7 6. e3 O-O 7. Bd3 c6 8. Qc2 Nbd7 9. Nge2 Re8 10. O-O Nf8 11. Rae1 Ng6 12. f3 h6 13. Bxf6 Bxf6 14. Ng3 Rxe3 15. Rxe3 Bxd4 16. Nd1 Nf4 17. Bf5 Qb6 18.
Re1 Bxe3+ 19. Nxe3 g6 20. Bxc8 Rxc8 21. Kh1 Re8 22.
Qd2 Re6 23. Ng4 Rxe1+ 24. Qxe1 Qxb2 25. Qe8+ Kg7 26. Qe5+ Qxe5 27. Nxe5 Kf6 28. Ng4+ Ke6 29. Kg1 c5 30. Kf2 b5 31. Ne2 h5 32. Nxf4+ Kf5 33. Ne3+ Kxf4 34. Nxd5+ Ke5 35. Ne3 Kd4 36. Ke2 Kc3 37.
Nd5+ Kb2 38. Nc7 b4 39. Kd3 Kxa2 40. Kc4 a5 41. Na6 b3 42. Nxc5 b2 43. Ne4 b1=Q 44.
Nc3+ Kb2 45. Nxb1 Kxb1 46. Kb5 Kc2 47. Kxa5 Kd3 48. Kb6 Ke3 49. Kc6 Kf2 50. Kd7 Kxg2 51. Ke7 Kxf3 52. Kxf7 g5 53. Kg6 Kg4 54. Kh6 h4 55.
Kg6 h3 56. Kh6 Kf3 57. Kxg5 Kg2 58. Kg4 Kxh2 59. Kh4 Kg1 0-1

[Event "Early-Titled-Tuesday-Blitz-September-26-2023"]
[Site "Chess.com"]
[Date "2023.09.26"]
[Round "6"]
[White "verrbaa"]
[Black "borocotoajua"]
[Result "1/2-1/2"]
[WhiteElo "2429"]
[BlackElo "2587"]
[TimeControl "180+1"]
[EndTime "9:09:00 PDT"]
[Termination "Game drawn by repetition"]

1. e4 c6 2. d4 d5 3. e5 c5 4.
dxc5 Nc6 5. f4 e6 6. Be3 d4 7. Bf2 Bxc5 8. a3 Nge7 9. Bd3 Nd5 10. Qg4 O-O 11. Nf3 f5 12. exf6 Qxf6 13. Ng5 h6 14. O-O Nce7 15. Ne4 Qxf4 16. Qxf4 Nxf4 17. Nxc5 e5 18.
Nd2 b6 19. Nce4 Nf5 20. Rae1 Bb7 21. Bg3 Ne3 22. Bxf4 Nxf1 23. Bxe5 Nxd2 24. Nxd2 Rae8 25. Bg3 Re3 26. Rf1 Rxf1+ 27. Nxf1 Re7 28. Bf2 Rd7 29. Nd2 Kf8 30. Nf3 Bxf3 31. gxf3 Ke7 32. Kg2 Kf6 33. Kg3 Ke5 34. h4 g5 35. hxg5 hxg5 36. Be1 Rd8 37. Bd2 Kf6 38. Kg4 Rg8 39. a4 Rg7 40. b4 Rg8 41. Bc1 Rg7 42. Bb2 Ke5 43. Bc1 Rg8 44. Bxg5 Kd5 45. f4 Ke6 46. Kh5 Kd5 47.
Kg4 Rh8 48. f5 Rg8 49. Kf4 Rf8 50. f6 Ke6 51. Bf5+ Kd5 52. Be4+ Ke6 53. Bf5+ Kd5 54. Bd3 Ke6 55. Bh4 Kd5 56. Bg5 1/2-1/2